 Dungeon Crawl Stone Soup version 0.26-a0-707-g31817bcca1 (webtiles) character file.

Game seed: 13751515454419056958

128 robertstho the Chiller (level 4, -2/24 HPs)
             Began as a Deep Elf Ice Elementalist on Oct 26, 2020.
             Killed by divine providence
             ... invoked by an orc priest
              (13 damage)
             ... on level 3 of the Dungeon.
             The game lasted 00:03:23 (2906 turns).

robertstho the Chiller (Deep Elf Ice Elementalist)  Turns: 2906, Time: 00:03:23

Health: -2/24      AC:  2    Str:  5    XL:     4   Next: 86%
Magic:  9/12       EV: 13    Int: 21    God:
Gold:   92         SH:  0    Dex: 15    Spells: 5/12 levels left

rFire    . . .     SeeInvis .   b - +0 dagger
rCold    . . .     Faith    .   (no shield)
rNeg     . . .     Spirit   .   a - +0 robe
rPois    .         Reflect  .   (no helmet)
rElec    .         Harm     .   (no cloak)
rCorr    .         Rampage  .   (no gloves)
MR       .....                  (no boots)
Stlth    ++........             (no amulet)
HPRegen  0.08/turn              (no ring)
MPRegen  0.13/turn              (no ring)

@: frozen ramparts
A: no striking features
a: no special abilities


You were on level 3 of the Dungeon.
You visited 1 branch of the dungeon, and saw 3 of its levels.

You collected 92 gold pieces.

Inventory:

Hand Weapons
 b - a +0 dagger (weapon)
Missiles
 j - 5 boomerangs (quivered)
Armour
 a - a +0 robe (worn)
 l - a +0 helmet
Wands
 m - a wand of flame (16)
Scrolls
 k - a scroll of identify {unknown}
 n - a scroll of teleportation {unknown}
 o - a scroll of remove curse {unknown}
 p - a scroll of fear {unknown}
 r - a scroll of enchant weapon {unknown}
Potions
 c - 3 potions of flight {unknown}
 d - a potion of berserk rage {unknown}
 e - a potion of stabbing {unknown}
 f - a potion of heal wounds {unknown}
 g - a potion of resistance {unknown}
 h - a potion of lignification {unknown}
 i - 2 potions of curing {unknown}
 q - a potion of mutation {unknown}


   Skills:
 + Level 0.2 Short Blades
 + Level 2.8 Dodging
 + Level 2.5 Stealth
 * Level 4.8 Spellcasting
 * Level 5.8 Ice Magic


You had 5 spell levels left.
You knew the following spells:

 Your Spells              Type           Power        Failure   Level
a - Freeze                Ice            ####         1%          1
b - Frozen Ramparts       Ice            ####..       3%          3
c - Ozocubu's Armour      Ice            ####....     3%          3

Your spell library contained the following spells:

 Spells                   Type           Power        Failure   Level
 Hailstorm                Conj/Ice       ###.....     32%         4
 Summon Ice Beast         Ice/Summ       ###.....     32%         4


Dungeon Overview and Level Annotations

Branches:
Dungeon (3/15)

Altars:


Message History

You kill the bat!
The wall freezes the orc.
You kill the orc!
Unknown command.
The wall freezes the orc.
You kill the orc!
The wall freezes the orc!
You kill the orc!
The wall freezes the orc priest.
The orc priest calls down the wrath of Beogh upon you.
Pain shoots through your body!
Ouch! That really hurt!
The wall freezes the orc priest.
The orc priest calls down the wrath of Beogh upon you.
You barely resist.
The wall freezes the orc priest.
The orc priest invokes the aid of Beogh against you.
Beogh smites you!
Ouch! That really hurt!
You die...

.... ...# #o.#
#))# #).# #..#
.######..#
.........#
########@# #.# #.#
################.#
[................#
.#################
##


You could see an orc priest.

Vanquished Creatures
  Jessica (D:2)
  Robin (D:2)
  2 adders
  A worm (D:2)
  A dart slug (D:2)
  A leopard gecko (D:2)
  3 orcs (D:3)
  2 giant cockroaches (D:1)
  10 goblins
  8 hobgoblins
  8 jackals (D:2)
  2 quokkas (D:2)
  5 bats
  5 frilled lizards
  6 kobolds
  3 rats
59 creatures vanquished.

Notes
Turn   | Place    | Note
-------+----------+-------------------------------------------
     0 | D:1      | robertstho the Deep Elf Ice Elementalist began the quest
                  | for the Orb.
     0 | D:1      | Reached XP level 1. HP: 10/10 MP: 6/6
   282 | D:1      | Reached XP level 2. HP: 8/15 MP: 6/8
   669 | D:1      | Reached skill level 5 in Ice Magic
  1283 | D:2      | Reached XP level 3. HP: 12/19 MP: 7/9
  1438 | D:2      | Learned a level 3 spell: Frozen Ramparts
  1442 | D:2      | Learned a level 3 spell: Ozocubu's Armour
  1560 | D:2      | Noticed Robin
  1577 | D:2      | Killed Robin
  1792 | D:2      | Reached XP level 4. HP: 20/24 MP: 11/11
  2378 | D:2      | Noticed Jessica
  2385 | D:2      | Killed Jessica
  2906 | D:3      | Killed from afar by an orc priest

Illustrated notes

Levels and vault maps discovered:
D:1:      heliophobic_arrival_battle_scene, layout_loops_corners
D:2:      layout_loops_ring, minmay_between, uniq_jessica, uniq_robin
D:3:      layout_loops_ring

Skill      XL: |  1  2  3  4 |
---------------+-------------+-----
Ice Magic      | 5 |  5.8
Spellcasting   | 4 |  4.8
Short Blades   | |  0.2
Dodging        | |  2.8
Stealth        | |  2.5

Action                   |  1- 3 |  4- 6 || total
-------------------------+-------+-------++-------
Melee: Dagger            |    58 |    18 ||    76
       Unarmed           |     4 |       ||     4
 Cast: Freeze            |    22 |       ||    22
       Frozen Ramparts   |     4 |    12 ||    16
 Stab: Sleeping          |     4 |       ||     4
Armor: Robe              |     8 |     4 ||    12
Dodge: Dodged            |    56 |    22 ||    78

Table legend: (Time is in decaauts)
 A = Elapsed time spent in this place.
 B = Non-inter-level travel time spent in this place.
 C = Inter-level travel time spent in this place.
 D = Time resting spent in this place.
 E = Time spent auto-exploring this place.
 F = Levels seen in this place.
 G = Mean time per level.
                   A        B        C        D        E       F      G
               +--------+--------+--------+--------+--------+-----+--------+
         Total |   2905 |   2814 |     91 |    213 |   2218 |   3 |  968.3 |
       Dungeon |   2905 |   2814 |     91 |    213 |   2218 |   3 |  968.3 |
               +--------+--------+--------+--------+--------+-----+--------+

Top non-repeatable levels by time:
     D:2: 1607 daAuts
     D:1: 1235 daAuts
     D:3: 63 daAuts
